 Dungeon Crawl Stone Soup version 0.30-a0-219-gf2db51d15e (webtiles) character file.

Game seed: 12972165329724408742

23 KennySheep the Insei (level 2, -6/21 HPs)
             Began as a Barachi Transmuter on Oct 8, 2022.
             Engulfed by a cloud of flame (27 damage)
             ... on level 1 of the Dungeon.
             The game lasted 00:01:45 (729 turns).

KennySheep the Insei (Barachi Transmuter)            Turns: 729, Time: 00:01:46

Health: -6/21      AC:  2    Str: 11    XL:     2   Next: 95%
Magic:  5/5        EV: 12    Int: 13    God:
Gold:   26         SH:  0    Dex: 12    Spells: 2/5 levels left

rFire   . . .      SeeInvis .      - Unarmed
rCold   . . .      Faith    .    (no shield)
rNeg    . . .      Spirit   .    a - +0 robe
rPois   .          Reflect  .    (no helmet)
rElec   .          Harm     .    (no cloak)
rCorr   .          Rampage  .    (no gloves)
Will    .....                    (no boots)
Stlth   +.........               (no amulet)
HPRegen 0.23/turn                (no ring)
MPRegen 0.09/turn                (no ring)

@: slow
A: amphibious, slowness 1, strong legs 1, +LOS
a: Hop


You were on level 1 of the Dungeon.
You visited 1 branch of the dungeon, and saw 1 of its levels.

You collected 26 gold pieces.

Inventory:

Armour
 a - a +0 robe (worn)
Scrolls
 c - a scroll of enchant armour {unknown}
 e - a scroll of vulnerability {unknown}
Potions
 b - a potion of lignification
 d - a potion of heal wounds {unknown}
 f - a potion of curing {unknown}


   Skills:
 - Level 1.2 Fighting
 - Level 2.1 Dodging
 - Level 3.2 Unarmed Combat
 - Level 2.1 Spellcasting
 * Level 3.0 Transmutations
 * Level 2.0 Ice Magic


You had 2 spell levels left.
You knew the following spells:

 Your Spells              Type           Power      Damage    Failure   Level
a - Beastly Appendage     Tmut           18%        N/A       7%          1
b - Wereblood             Tmut           9%         N/A       11%         2

Your spell library contained the following spells:

 Spells                   Type           Power      Damage    Failure   Level
 Spider Form              Tmut/Pois      5%         N/A       38%         3
 Ice Form                 Ice/Tmut       8%         N/A       65%         4


Dungeon Overview and Level Annotations

Branches:
Dungeon (1/15)

Altars:

Shops:
D:1 =


Innate Abilities, Weirdness & Mutations

You are amphibious.
You cover ground slowly.
You can hop short distances.
You have an extended range of vision and can be seen from far away.


Message History

Your Transmutations skill increases to level 3!
Your transformation is almost over.
Your horns disappear.
Your talons disappear.
You see here a hobgoblin corpse.
You open the door.
There is an open door here.
As you open the door, it creaks loudly!
You hear a shout!
There is an open door here.
A hobgoblin comes into view.
A hobgoblin is nearby!
A hobgoblin is nearby!
You barely miss the hobgoblin. You punch the hobgoblin.
The hobgoblin is severely wounded.
The hobgoblin hits you.
You hit the hobgoblin.
You kill the hobgoblin!
No target in view!
A bat comes into view.
The bat closely misses you. The bat barely misses you.
A bat is nearby!
You barely miss the bat. The bat misses you.
You hit the bat but do no damage. The bat hits you.
The bat hits you but does no damage.
You barely miss the bat. The bat misses you. The bat misses you.
The bat closely misses you. The bat misses you.
You miss the bat. The bat barely misses you.
You hit the bat.
You kill the bat!
Your Ice Magic skill increases to level 2!
No target in view!
Found a robe.
You're in a travel-excluded area, stopping explore.
You're in a travel-excluded area, stopping explore.
You're in a travel-excluded area, stopping explore.
You're in a travel-excluded area, stopping explore.
You're in a travel-excluded area, stopping explore.
You are engulfed in blazing flames.
Ouch! That really hurt!
You die...

#.# #..# ####### #.# ##.# #.# #.#
##.# ... ### ##.# .○.# #.[ ##.#
#§§°# #.# ##.## #§○○# #.# # #
#...######...#######.# ##.#######
.......§..$.$.§○@.##.# #.........
#......☼§.....§☼§....###..##.####
##[##.§.§...$.☼§☼.##.............
##.#######...#######...#.......#.
.....# #§§§# #..###.....###
##'### #§○§# ##..#.......#.
#...## #°°.# #............
.....#####...########......#<....
...................#......###....


There were no monsters in sight!

Vanquished Creatures
  A dart slug (D:1)
  2 ball pythons (D:1)
  2 bats (D:1)
  2 endoplasms (D:1)
  A giant cockroach (D:1)
  2 goblins (D:1)
  2 hobgoblins (D:1)
  A quokka (D:1)
  A frilled lizard (D:1)
  A kobold (D:1)
  3 rats (D:1)
18 creatures vanquished.

Vanquished Creatures (others)
  An endoplasm (D:1)
1 creature vanquished.

Grand Total: 19 creatures vanquished

Notes
Turn   | Place    | Note
-------+----------+-------------------------------------------
     0 | D:1      | KennySheep the Barachi Transmuter began the quest for the
                  | Orb.
     0 | D:1      | Reached XP level 1. HP: 15/15 MP: 3/3
    22 | D:1      | Found Feamp's Jewellery Emporium.
   149 | D:1      | Reached skill level 1 in Ice Magic
   275 | D:1      | Reached XP level 2. HP: 15/21 MP: 3/5
   314 | D:1      | Learned a level 2 spell: Wereblood
   729 | D:1      | Engulfed by a cloud of flame

Illustrated notes

Levels and vault maps discovered:
D:1:      minmay_arrival_five_plusses, layout_loops_corners, serial_shops,
          nicolae_lakefront_shop, lemuel_flame_loot_1

Skill      XL: |  1  2 |
---------------+-------+-----
Ice Magic      | 1 2 |  2.0
Transmutations | 3 |  3.0
Fighting       | |  1.2
Dodging        | |  2.1
Unarmed Combat | |  3.2
Spellcasting   | |  2.1

Action                   || total
-------------------------++-------
Melee: Unarmed           ||    63
       Headbutt          ||     4
       Kick              ||     2
       Punch             ||     2
 Cast: Beastly Appendage ||     6
Armor: Robe              ||    14
Dodge: Dodged            ||    51

Table legend: (Time is in decaauts)
 A = Elapsed time spent in this place.
 B = Non-inter-level travel time spent in this place.
 C = Inter-level travel time spent in this place.
 D = Time resting spent in this place.
 E = Time spent auto-exploring this place.
 F = Levels seen in this place.
 G = Mean time per level.
                   A        B        C        D        E       F      G
               +--------+--------+--------+--------+--------+-----+--------+
         Total |    829 |    829 |      0 |      0 |    678 |   1 |  829.0 |
       Dungeon |    829 |    829 |      0 |      0 |    678 |   1 |  829.0 |
               +--------+--------+--------+--------+--------+-----+--------+

Top non-repeatable levels by time:
     D:1: 829 daAuts
